Map: Pillars of Gold LE

Players

Chcipak

  • Race: Terran Terran
  • League: Platinum
  • Spawn Location: 1:00

Massa - Winner!

  • Race: Terran Terran
  • League: Platinum
  • Spawn Location: 7:00

VOD

Have the link to the VOD?

Description

Time

  • Played on: Oct. 24, 2020, 7:48 a.m.
  • Length: 6:11
Show
View Real Time Build Order
Export as new Build Order

Chcipak Terran 

Build Orders: Reaper Expand 

Get SALT Encoding   

  12  0:00  SCV  
  13  0:12  SCV  
  14  0:18  Supply Depot  
  14  0:24  SCV  
  15  0:40  SCV  
  15  0:42  Barracks  
  16  0:46  Refinery  
  16  0:54  SCV  
  17  1:06  SCV  
  18  1:18  SCV  
  19  1:31  Orbital Command  
  19  1:33  Reaper  
  20  1:47  Refinery  
  20  1:53  Command Center  
  20  2:07  Marine  
  20  2:20  Factory  
  20  2:32  SCV  
  20  2:36  Barracks Reactor  
  21  2:44  SCV, Supply Depot  
  22  2:57  SCV  
  23  3:08  Starport  
  23  3:09  SCV  
  24  3:13  Refinery  
  24  3:14  Orbital Command  
  24  3:31  Widow Mine  
  24  3:32  Widow Mine, SCV  
  29  3:40  Marine  
  30  3:44  SCV  
  30  3:45  SCV  
  30  3:48  Medivac  
  34  3:51  Barracks  
  34  3:57  SCV  
  34  3:59  SCV  
  34  4:00  Marine  
  37  4:09  Widow Mine  
  41  4:10  Widow Mine  
  40  4:22  Starport Tech Lab  
  40  4:27  Barracks Tech Lab  
  40  4:29  SCV  
  40  4:31  Starport Reactor  
  42  4:35  Command Center  
  42  4:38  Hellion x2  
  45  4:47  Barracks Tech Lab  
  45  4:49  Barracks  
  45  4:52  Marine  
  46  5:11  Factory Tech Lab  
  46  5:46  SCV x2, Marine x2  
  38  5:58  SCV x2  
Show
View Real Time Build Order
Export as new Build Order

Massa Terran - Winner!

Build Orders:  

Get SALT Encoding   

  12  0:00  SCV  
  13  0:12  SCV  
  14  0:20  Supply Depot  
  14  0:24  SCV  
  15  0:41  SCV  
  16  0:42  Barracks  
  16  0:48  Refinery  
  16  0:53  SCV  
  17  1:10  SCV  
  18  1:22  SCV  
  19  1:34  Reaper, SCV  
  19  1:37  Supply Depot  
  19  1:38  Supply Depot  
  22  1:48  Orbital Command  
  21  2:09  Command Center  
  21  2:15  SCV  
  22  2:18  Refinery  
  22  2:25  Marine  
  22  2:35  SCV  
  23  2:46  Factory  
  23  2:48  SCV  
  24  2:57  Supply Depot  
  24  2:59  Barracks Reactor  
  24  3:00  SCV  
  24  3:02  Engineering Bay  
  25  3:12  SCV  
  26  3:21  Refinery, Orbital Command  
  26  3:31  Starport  
  26  3:35  Factory Reactor  
  26  3:36  Marine  
  26  3:37  Marine  
  28  3:43  SCV  
  29  3:52  SCV  
  29  3:54  Marine  
  31  3:55  SCV  
  32  4:04  SCV  
  32  4:08  SCV  
  32  4:09  Medivac  
  36  4:11  Marine  
  36  4:12  Marine  
  36  4:14  Widow Mine x2  
  36  4:17  SCV  
  43  4:26  SCV  
  43  4:29  SCV, Marine x2  
  47  4:36  Hellion x2  
  47  4:38  SCV  
  52  4:39  Medivac  
  53  4:54  Marine  
  54  5:01  Supply Depot  
  54  5:02  Supply Depot  
  54  5:04  Supply Depot  
  54  5:05  Missile Turret  
  54  5:10  Missile Turret  
  54  5:22  Marine x2  
  54  5:23  SCV x2, Hellion x2  
  62  5:35  SCV x2  
  64  5:40  Marine  
Tags
 
Add a new tag
Caveats
  • Supply blocks, unpowered buildings, or Contaminate may cause inaccurate times.
  • Supply counts are checked every 10 seconds.